 Dungeon Crawl Stone Soup version 0.30-a0-691-g754fce4c43 (webtiles) character file.

Game seed: 652213937424485540

126 GimliDwarf the Gusty (level 5, -3/28 HPs)
             Began as a Tengu Air Elementalist on Jan 19, 2023.
             Slain by an ogre
             ... wielding a +0 giant club
              (31 damage)
             ... on level 3 of the Dungeon.
             The game lasted 00:11:09 (3428 turns).

GimliDwarf the Gusty (Tengu Air Elementalist)       Turns: 3428, Time: 00:11:10

Health: -3/28      AC:  2    Str:  8    XL:     5   Next: 9%
Magic:  9/10       EV: 14    Int: 18    God:
Gold:   209        SH:  0    Dex: 14    Spells: 4/10 levels left

rFire   . . .      SeeInvis .    e - staff of fire
rCold   + . .      Faith    .    (no shield)
rNeg    . . .      Spirit   .    a - +0 robe
rPois   .          Reflect  .    (helmet restricted)
rElec   .          Harm     .    (no cloak)
rCorr   +          Rampage  .    (no gloves)
Will    .....                    (boots unavailable)
Stlth   ++                       (no amulet)
HPRegen 0.24/turn                j - ring of ice
MPRegen 0.12/turn                p - ring of resist corrosion

@: flying quickly and evasively, very slightly contaminated, quick
A: beak, talons 3, nimble flight
a: no special abilities


You were on level 3 of the Dungeon.
You visited 1 branch of the dungeon, and saw 3 of its levels.

You collected 209 gold pieces.

Inventory:

Armour
 a - a +0 robe (worn)
Magical Staves
 e - a staff of fire (weapon)
Jewellery
 j - a ring of ice (left hand)
 l - a ring of flight
 p - a ring of resist corrosion (right hand)
Scrolls
 c - 3 scrolls of enchant weapon {unknown}
 d - a scroll of vulnerability {unknown}
 f - 2 scrolls of poison {unknown}
 g - 4 scrolls of identify {unknown}
 i - 2 scrolls of teleportation {unknown}
 k - 2 scrolls of immolation {unknown}
 o - a scroll of fog {unknown}
 q - a scroll of fear {unknown}
Potions
 b - a potion of magic
 h - a potion of flight {unknown}
 m - a potion of degeneration {unknown}
 n - a potion of resistance {unknown}
 r - a potion of curing {unknown}
 s - 2 potions of lignification {unknown}


   Skills:
 * Level 1.2 Staves
 - Level 2.1 Dodging
 - Level 2.0 Stealth
 * Level 3.3 Spellcasting
 + Level 2.1 Conjurations
 * Level 5.1 Air Magic
 * Level 1.5 Evocations


You had 4 spell levels left.
You knew the following spells:

 Your Spells              Type           Power      Damage    Failure   Level
a - Shock                 Conj/Air       64%        1d7       3%          1
b - Static Discharge      Conj/Air       32%        2-4/arc   5%          2
c - Swiftness             Air            21%        N/A       6%          3

Your spell library contained the following spells:

 Spells                   Type           Power      Damage    Failure   Level
 Airstrike                Air            10%        2d(2-18)  19%         4
 Sublimation of Blood     Necr           2%         N/A       24%         2
 Petrify                  Tmut/Erth      2%         N/A       85%         4
 Irradiate                Conj/Tmut      3%         3d12      96%         5


Dungeon Overview and Level Annotations

Branches:
Dungeon (3/15)

Altars:

Annotations:
D:2 Sigmund


Innate Abilities, Weirdness & Mutations

You have a beak for a mouth.
You have claws for feet.
Your magical nature lets you fly swiftly and evasively.


Message History

You kill the quokka!
A rat comes into view.
Casting: Shock (safe; 3% risk of failure)
Confirm with . or Enter, or press ? or * to list all spells.
Aiming: Shock (safe; 3% risk of failure)
Press: ? - help, Shift-Dir - straight line, f - rat
Aim: a rat (wandering, hasn't noticed you, 71% to hit)
The zap hits the rat.
You kill the rat!
You see here a rat corpse.
You now have 209 gold pieces (gained 9).
Found an escape hatch in the ceiling.
There is an open door here.
r - a dark potion
There is an escape hatch in the ceiling here.
You pick up a book of Alchemy and begin reading...
You add the spells Sublimation of Blood, Petrify and Irradiate to your library.
s - 2 brown potions
There is an open door here.
An ogre comes into view. It is wielding a +0 giant club.
The ogre shouts!
Casting: Shock (safe; 3% risk of failure)
Confirm with . or Enter, or press ? or * to list all spells.
Aiming: Shock (safe; 3% risk of failure)
Press: ? - help, Shift-Dir - straight line The zap hits the ogre.
The ogre is moderately wounded.
The zap hits the ogre!
The ogre is heavily wounded.
There is an open door here.
Casting: Shock (safe; 3% risk of failure)
Confirm with . or Enter, or press ? or * to list all spells.
Aiming: Shock (safe; 3% risk of failure)
Press: ? - help, Shift-Dir - straight line You miscast Shock.
You are very lightly contaminated with residual magic.
Nothing appears to happen.
The ogre hits you with a +0 giant club!!
Ouch! That really hurt!
You die...

#.........#.##.......
#.........#†##.......
#.........#.##.......
#.........#.##.......
#.........#.##.......
#.......<.#.##.......
#.........#.##.......
#....O....#.##.......
####@###'##.##.......
#.# #.##.##.......
#.###.##.###......
#.#....#.# #.#####
#.#.####.# #.#....
#.#.# #.# #.#.###
#.#.# #.# #.#....
#.#.# #.# #.#####
#.#.$ #.# #.#####


You could see an ogre.

Vanquished Creatures
  Jessica (D:2)
  Robin (D:2)
  3 adders
  2 orcs (D:3)
  3 ball pythons
  7 endoplasms
  6 hobgoblins
  2 jackals (D:3)
  2 quokkas
  8 bats
  10 goblins (D:2)
  4 kobolds
  7 rats
56 creatures vanquished.

Notes
Turn   | Place    | Note
-------+----------+-------------------------------------------
     0 | D:1      | GimliDwarf the Tengu Air Elementalist began the quest for
                  | the Orb.
     0 | D:1      | Reached XP level 1. HP: 10/10 MP: 4/4
   184 | D:1      | You fall into a shaft and drop 1 floor!
   389 | D:2      | Noticed Robin
   396 | D:2      | Reached XP level 2. HP: 15/15 MP: 4/6
   477 | D:2      | Noticed Jessica
   564 | D:1      | Learned a level 2 spell: Static Discharge
   956 | D:1      | Found a faded altar of an unknown god.
  1156 | D:2      | Reached XP level 3. HP: 19/19 MP: 4/7
  1209 | D:2      | Killed Robin
  1210 | D:2      | Reached skill level 1 in Staves
  1415 | D:2      | Killed Jessica
  1416 | D:2      | Reached skill level 1 in Evocations
  1416 | D:2      | Reached XP level 4. HP: 19/24 MP: 1/9
  1780 | D:2      | Noticed Sigmund
  1914 | D:2      | Learned a level 3 spell: Swiftness
  2408 | D:2      | Reached skill level 5 in Air Magic
  2724 | D:3      | Gained mutation: Your magical nature lets you fly swiftly
                  | and evasively. [Tengu growth]
  2724 | D:3      | Reached XP level 5. HP: 28/28 MP: 7/10
  3415 | D:3      | Noticed an ogre
  3428 | D:3      | Slain by an ogre

Illustrated notes

Levels and vault maps discovered:
D:1:      ebering_hopf_link, layout_loops_ring, shapermc_ecumenical_altar_ellora
D:2:      layout_basic, uniq_jessica, uniq_sigmund, uniq_robin
D:3:      layout_basic

Skill      XL: |  1  2  3  4 |
---------------+-------------+-----
Staves         | 1 |  1.2
Evocations     | 1 |  1.5
Spellcasting   | 3 |  3.3
Conjurations   | 2 |  2.1
Air Magic      | 5 |  5.1
Dodging        | |  2.1
Stealth        | |  2.0

Action                   |  1- 3 |  4- 6 || total
-------------------------+-------+-------++-------
Melee: Staff             |     5 |       ||     5
       Kick              |     1 |       ||     1
       Peck              |     1 |       ||     1
 Cast: Shock             |    57 |    52 ||   109
       Static Discharge  |       |     6 ||     6
Armor: Robe              |     8 |     2 ||    10
Dodge: Dodged            |    12 |    21 ||    33

Table legend: (Time is in decaauts)
 A = Elapsed time spent in this place.
 B = Non-inter-level travel time spent in this place.
 C = Inter-level travel time spent in this place.
 D = Time resting spent in this place.
 E = Time spent auto-exploring this place.
 F = Levels seen in this place.
 G = Mean time per level.
                   A        B        C        D        E       F      G
               +--------+--------+--------+--------+--------+-----+--------+
         Total |   3376 |   3148 |    228 |    335 |   1928 |   3 | 1125.3 |
       Dungeon |   3376 |   3148 |    228 |    335 |   1928 |   3 | 1125.3 |
               +--------+--------+--------+--------+--------+-----+--------+

Top non-repeatable levels by time:
     D:2: 1638 daAuts
     D:1: 904 daAuts
     D:3: 834 daAuts
